MLB
CLEVELAND GUARDIANS @ CHICAGO WHITE SOX
08/31/2047
 
TOP OF THE 1ST
Cleveland Guardians batting - Pitching for Chicago White Sox : RHP Adam Ratcliff
Pitching: RHP Adam Ratcliff
Batting: LHB Arvin Dungca 0-0: Ball
1-0: Fly out, F8 (Line Drive, 89D, EV 90.0 MPH)
Batting: LHB Hector Pedroso 0-0: Ball
1-0: Ball
2-0: Foul Ball, location: 2F
2-1: Ground out 4-3 (Groundball, 4, EV 88.8 MPH)
Batting: RHB Nick Ogle 0-0: Called Strike
0-1: Ball
1-1: Called Strike
1-2: Strikes out looking
Top of the 1st over - 0 runs, 0 hits, 0 errors, 0 left on base; Cleveland 0 - Chicago 0
BOTTOM OF THE 1ST
Chicago White Sox batting - Pitching for Cleveland Guardians : RHP Drew Rickelman
Pitching: RHP Drew Rickelman
Batting: RHB Brad Boals 0-0: Ball
1-0: Called Strike
1-1: Swinging Strike
1-2: Strikes out swinging
Batting: RHB Steve Castleberry 0-0: Foul Ball, location: 2F
0-1: SINGLE (Line Drive, 4D, EV 103.8 MPH)
Batting: LHB Randy Rosenberry 0-0: Ball
1-0: Ball
2-0: Called Strike
2-1: Fly out, F8 (Line Drive, 8LM, EV 88.8 MPH)
Batting: RHB Joseph Disepolo 0-0: Swinging Strike
0-1: Called Strike
0-2: Ball
1-2: Ball
Wild Pitch!
Steve Castleberry to second
2-2: Ball
3-2: Ground out 6-3 (Groundball, 56, EV 81.9 MPH)
Bottom of the 1st over - 0 runs, 1 hit, 0 errors, 1 left on base; Cleveland 0 - Chicago 0
TOP OF THE 2ND
Cleveland Guardians batting - Pitching for Chicago White Sox : RHP Adam Ratcliff
Batting: RHB Jasper Burd 0-0: Called Strike
0-1: Called Strike
0-2: Ball
1-2: Ball
2-2: Strikes out swinging
Batting: RHB Hiroshige Yamada 0-0: Called Strike
0-1: Fly out, F8 (Flyball, 8LD, EV 105.0 MPH)
Batting: RHB Christian Blue 0-0: Ball
1-0: Swinging Strike
1-1: Foul Ball, location: 2F
1-2: Ball
2-2: Ball
3-2: Strikes out looking
Top of the 2nd over - 0 runs, 0 hits, 0 errors, 0 left on base; Cleveland 0 - Chicago 0
BOTTOM OF THE 2ND
Chicago White Sox batting - Pitching for Cleveland Guardians : RHP Drew Rickelman
Batting: LHB Jack Christie 0-0: Ball
1-0: Ground out 4-3 (Groundball, 4, EV 103.1 MPH)
Batting: RHB Dieter Knoops 0-0: Ball
1-0: Foul Ball, location: 2F
1-1: Foul Ball, location: 2F
1-2: Ball
2-2: Ball
3-2: Strikes out looking
Batting: SHB Rich Chavez 0-0: Foul Ball, location: 2F
0-1: Swinging Strike
0-2: Ball
1-2: Strikes out swinging
Bottom of the 2nd over - 0 runs, 0 hits, 0 errors, 0 left on base; Cleveland 0 - Chicago 0
TOP OF THE 3RD
Cleveland Guardians batting - Pitching for Chicago White Sox : RHP Adam Ratcliff
Batting: LHB Corey Trevor 0-0: Foul Ball, location: 2F
0-1: SINGLE (Line Drive, 6D, EV 97.5 MPH)
Batting: RHB Solange Le Coq 0-0: Swinging Strike
0-1: Ball
1-1: Foul Ball, location: 2F
1-2: Ball
2-2: Strikes out swinging
Batting: RHB Rick O'Reilly 0-0: Foul Ball, location: 2F
0-1: Foul Ball, location: 2F
0-2: Foul Ball, location: 2F
0-2: SINGLE (Groundball, 25, EV 68.8 MPH) (infield hit)
Corey Trevor to second
Batting: LHB Arvin Dungca 0-0: Grounds into double play, 4-6-3 (Groundball, 34D, EV 83.1 MPH)
Top of the 3rd over - 0 runs, 2 hits, 0 errors, 1 left on base; Cleveland 0 - Chicago 0
BOTTOM OF THE 3RD
Chicago White Sox batting - Pitching for Cleveland Guardians : RHP Drew Rickelman
Batting: RHB Matt Thompson 0-0: Foul Ball, location: 2F
0-1: Fly out, F3 (Popup, 23F, EV 79.4 MPH)
Batting: LHB Sidney Pedder 0-0: Called Strike
0-1: Ball
1-1: Ball
2-1: Foul Ball, location: 2F
2-2: Foul Ball, location: 2F
2-2: Foul Ball, location: 2F
2-2: Foul Ball, location: 2F
2-2: Foul Ball, location: 2F
2-2: Ball
3-2: Foul Ball, location: 2F
3-2: SINGLE (Groundball, 6MS, EV 66.9 MPH) (infield hit)
Batting: RHB Brad Boals 0-0: Ball
1-0: Ball
2-0: Called Strike
2-1: Fly out, F7 (Flyball, 78M, EV 89.4 MPH)
Batting: RHB Steve Castleberry 0-0: Ground out 2-3 (Groundball, 13S, EV 73.1 MPH)
Bottom of the 3rd over - 0 runs, 1 hit, 0 errors, 1 left on base; Cleveland 0 - Chicago 0
TOP OF THE 4TH
Cleveland Guardians batting - Pitching for Chicago White Sox : RHP Adam Ratcliff
Batting: LHB Hector Pedroso 0-0: Foul Ball, location: 2F
0-1: Ball
1-1: Swinging Strike
1-2: Foul Ball, location: 2F
1-2: Strikes out looking
Batting: RHB Nick Ogle 0-0: Ball
1-0: DOUBLE (Flyball, 8RXD, EV 105.0 MPH)
Batting: RHB Jasper Burd 0-0: Ball
1-0: Called Strike
1-1: Ball
Wild Pitch!
Nick Ogle to third
2-1: Ball
3-1: Called Strike
3-2: Fly out, F7 (Flyball, 7, EV 83.8 MPH)
Batting: RHB Hiroshige Yamada 0-0: Ball
1-0: Called Strike
1-1: Swinging Strike
1-2: Ball
2-2: Foul Ball, location: 2F
2-2: DOUBLE (Line Drive, 7LD, EV 103.1 MPH)
Nick Ogle scores
Batting: RHB Christian Blue 0-0: Ball
1-0: Ball
2-0: 2-RUN HOME RUN (Flyball, 9D, EV 98.1 MPH), Distance : 371 ft
Batting: LHB Corey Trevor 0-0: Called Strike
0-1: Ball
1-1: Ball
2-1: Ball
3-1: Called Strike
3-2: Strikes out swinging
Top of the 4th over - 3 runs, 3 hits, 0 errors, 0 left on base; Cleveland 3 - Chicago 0
BOTTOM OF THE 4TH
Chicago White Sox batting - Pitching for Cleveland Guardians : RHP Drew Rickelman
Batting: LHB Randy Rosenberry 0-0: Foul Ball, location: 2F
0-1: Ball
1-1: Ball
2-1: Ball
3-1: Called Strike
3-2: Fly out, F7 (Line Drive, 7LS, EV 92.5 MPH)
Batting: RHB Joseph Disepolo 0-0: Foul Ball, location: 2F
0-1: Foul Ball, location: 2F
0-2: Ball
1-2: Ball
2-2: Ball
3-2: Base on Balls
Batting: LHB Jack Christie 0-0: Ball
1-0: Called Strike
1-1: Called Strike
1-2: Foul Ball, location: 2F
1-2: Ball
2-2: Ball
3-2: Base on Balls
Joseph Disepolo to second
Batting: RHB Dieter Knoops 0-0: Swinging Strike
0-1: Ball
1-1: Swinging Strike
1-2: Strikes out looking
Batting: SHB Rich Chavez 0-0: Ball
1-0: Foul Ball, location: 2F
1-1: Foul Ball, location: 2F
1-2: Ball
2-2: 3-RUN HOME RUN (Line Drive, 9D, EV 103.1 MPH), Distance : 370 ft
Batting: RHB Matt Thompson 0-0: Ball
1-0: Called Strike
1-1: DOUBLE (Line Drive, 5D, EV 105.6 MPH)
Batting: LHB Sidney Pedder 0-0: Foul Ball, location: 2F
0-1: Swinging Strike
0-2: Ball
1-2: Ball
2-2: Ground out 4-3 (Groundball, 4S, EV 81.2 MPH)
Bottom of the 4th over - 3 runs, 2 hits, 0 errors, 1 left on base; Cleveland 3 - Chicago 3
TOP OF THE 5TH
Cleveland Guardians batting - Pitching for Chicago White Sox : RHP Adam Ratcliff
Batting: RHB Solange Le Coq 0-0: Ball
1-0: Ball
2-0: Fly out, F7 (Flyball, 7, EV 90.0 MPH)
Batting: RHB Rick O'Reilly 0-0: Foul Ball, location: 2F
0-1: Ball
1-1: Ball
2-1: Ground out 4-3 (Groundball, 4, EV 78.8 MPH)
Batting: LHB Arvin Dungca 0-0: Swinging Strike
0-1: Ground out 4-3 (Groundball, 4, EV 98.8 MPH)
Top of the 5th over - 0 runs, 0 hits, 0 errors, 0 left on base; Cleveland 3 - Chicago 3
BOTTOM OF THE 5TH
Chicago White Sox batting - Pitching for Cleveland Guardians : RHP Drew Rickelman
Batting: RHB Brad Boals 0-0: Ball
1-0: Ball
2-0: SOLO HOME RUN (Flyball, 7D, EV 97.5 MPH), Distance : 359 ft
Batting: RHB Steve Castleberry 0-0: Called Strike
0-1: Called Strike
0-2: SINGLE (Line Drive, 56D, EV 101.2 MPH)
Batting: LHB Randy Rosenberry 0-0: Foul Ball, location: 2F
0-1: Called Strike
0-2: Ball
1-2: Grounds into double play, 4-6-3 (Groundball, 4, EV 97.5 MPH)
Batting: RHB Joseph Disepolo 0-0: Foul Ball, location: 2F
0-1: Ball
1-1: Swinging Strike
1-2: Foul Ball, location: 2F
1-2: Ground out 3-1 (Groundball, 34S, EV 68.1 MPH)
Bottom of the 5th over - 1 run, 2 hits, 0 errors, 0 left on base; Cleveland 3 - Chicago 4
TOP OF THE 6TH
Cleveland Guardians batting - Pitching for Chicago White Sox : RHP Adam Ratcliff
Batting: LHB Hector Pedroso 0-0: Called Strike
0-1: Ball
1-1: Swinging Strike
1-2: Strikes out swinging
Batting: RHB Nick Ogle 0-0: Foul Ball, location: 2F
0-1: Foul Ball, location: 2F
0-2: Foul Ball, location: 2F
0-2: Ball
1-2: Ball
2-2: Foul Ball, location: 2F
2-2: Foul Ball, location: 2F
2-2: SINGLE (Line Drive, 56, EV 98.1 MPH)
Pitching: RHP Jacob Taylor
Batting: RHB Jasper Burd 0-0: Called Strike
0-1: Swinging Strike
0-2: Ball
1-2: Foul Ball, location: 2F
1-2: Ball
2-2: Ball
3-2: Strikes out looking
Batting: RHB Hiroshige Yamada 0-0: Ball
1-0: Ball
2-0: Ball
3-0: Base on Balls
Nick Ogle to second
Batting: RHB Christian Blue 0-0: Ball
1-0: Ball
2-0: Called Strike
2-1: Ball
3-1: Fielders Choice at 2nd, 6-4 (Groundball, 6, EV 81.9 MPH)
Top of the 6th over - 0 runs, 1 hit, 0 errors, 2 left on base; Cleveland 3 - Chicago 4
BOTTOM OF THE 6TH
Chicago White Sox batting - Pitching for Cleveland Guardians : RHP Drew Rickelman
Batting: LHB Jack Christie 0-0: Ball
1-0: Ball
2-0: Foul Ball, location: 2F
2-1: Ball
3-1: Base on Balls
Pitching: RHP Ben Sedlacek
Batting: RHB Dieter Knoops 0-0: Ball
1-0: Called Strike
1-1: Ball
2-1: Ball
3-1: Foul Ball, location: 2F
3-2: Base on Balls
Jack Christie to second
Batting: SHB Rich Chavez 0-0: Called Strike
0-1: Ball
1-1: 3-RUN HOME RUN (Line Drive, 78XD, EV 108.8 MPH), Distance : 395 ft
Batting: RHB Matt Thompson 0-0: Ball
1-0: Ball
2-0: Called Strike
2-1: SINGLE (Flyball, 89S, EV 89.4 MPH)
Batting: LHB Sidney Pedder 0-0: Ball
1-0: Ball
2-0: SINGLE (Groundball, 4MD, EV 99.4 MPH) (infield hit)
Matt Thompson to second
Batting: RHB Brad Boals 0-0: Ball
1-0: Foul Ball, location: 2F
1-1: Swinging Strike
1-2: Ball
2-2: Strikes out swinging
Batting: RHB Steve Castleberry 0-0: Called Strike
0-1: Ball
1-1: Ball
2-1: Ball
3-1: Base on Balls
Matt Thompson to third
Sidney Pedder to second
Batting: LHB Randy Rosenberry 0-0: Ball
1-0: Called Strike
1-1: Ball
2-1: Foul Ball, location: 2F
2-2: Foul Ball, location: 2F
2-2: Ball
3-2: Fly out, F9 (Flyball, 9, EV 95.6 MPH)
Runner from 3rd tags up, SCORES, no throw by RF
Batting: RHB Joseph Disepolo 0-0: Ball
1-0: Called Strike
1-1: Foul Ball, location: 2F
1-2: SINGLE (Line Drive, 4M, EV 106.9 MPH)
Sidney Pedder to third
Steve Castleberry to second
Runner from 3rd tries for Home, throw by CF and OUT! 8-2
Bottom of the 6th over - 4 runs, 4 hits, 0 errors, 2 left on base; Cleveland 3 - Chicago 8
TOP OF THE 7TH
Cleveland Guardians batting - Pitching for Chicago White Sox : RHP Jacob Taylor
Batting: LHB Corey Trevor 0-0: Foul Ball, location: 2F
0-1: Ball
1-1: Ball
2-1: Swinging Strike
2-2: SINGLE (Line Drive, 6D, EV 103.8 MPH)
Batting: RHB Solange Le Coq 0-0: Called Strike
0-1: Ball
1-1: Swinging Strike
1-2: Grounds into double play, 6-4-3 (Groundball, 6, EV 101.2 MPH)
Batting: RHB Rick O'Reilly 0-0: Ball
1-0: Ball
2-0: Ball
3-0: Called Strike
3-1: SINGLE (Groundball, 56S, EV 61.9 MPH) (infield hit)
Pitching: LHP John Murray
Batting: LHB Arvin Dungca 0-0: Called Strike
0-1: Ball
1-1: Called Strike
Rick O'Reilly steals 2nd base
1-2: Foul Ball, location: 2F
1-2: Ball
2-2: Fly out, F9 (Flyball, 9LS, EV 89.4 MPH)
Top of the 7th over - 0 runs, 2 hits, 0 errors, 1 left on base; Cleveland 3 - Chicago 8
BOTTOM OF THE 7TH
Chicago White Sox batting - Pitching for Cleveland Guardians : RHP Ben Sedlacek
Batting: LHB Jack Christie 0-0: Ball
1-0: Ball
2-0: Ball
3-0: Base on Balls
Batting: RHB Dieter Knoops 0-0: DOUBLE (Line Drive, 9LM, EV 113.8 MPH)
Jack Christie to third
Runner from 3rd tries for Home, SAFE, throw by RF to trailing runner, SAFE at third!
Pitching: RHP Gabe Baxter
Batting: SHB Rich Chavez 0-0: Ball
1-0: Foul Ball, location: 2F
1-1: Foul Ball, location: 2F
1-2: Foul Ball, location: 2F
1-2: Foul Ball, location: 2F
1-2: Foul Ball, location: 2F
1-2: Strikes out swinging
Batting: RHB Matt Thompson 0-0: Called Strike
0-1: Ground out 6-3 (Groundball, P, EV 85.6 MPH)
Dieter Knoops scores
Batting: LHB Sidney Pedder 0-0: Ball
1-0: Ball
2-0: Ball
3-0: Base on Balls
Batting: RHB Brad Boals 0-0: Ball
1-0: Called Strike
Sidney Pedder steals 2nd base
1-1: 2-RUN HOME RUN (Flyball, 9LD, EV 91.2 MPH), Distance : 341 ft
Batting: RHB Steve Castleberry 0-0: Ball
1-0: Ball
2-0: Ball
3-0: Called Strike
3-1: Foul Ball, location: 2F
3-2: Foul Ball, location: 2F
3-2: DOUBLE (Groundball, 3L, EV 100.0 MPH)
Batting: LHB Randy Rosenberry 0-0: Foul Ball, location: 2F
0-1: Ball
1-1: Ball
2-1: Foul Ball, location: 2F
2-2: Ball
3-2: Foul Ball, location: 2F
3-2: Base on Balls
Batting: RHB Joseph Disepolo 0-0: Fly out, F8 (Line Drive, 8RM, EV 84.4 MPH)
Bottom of the 7th over - 4 runs, 3 hits, 0 errors, 2 left on base; Cleveland 3 - Chicago 12
TOP OF THE 8TH
Cleveland Guardians batting - Pitching for Chicago White Sox : LHP John Murray
Batting: LHB Hector Pedroso 0-0: Called Strike
0-1: Foul Ball, location: 2F
0-2: Ball
1-2: Ball
2-2: Ground out 6-3 (Groundball, 6, EV 90.0 MPH)
Batting: RHB Nick Ogle 0-0: SINGLE (Flyball, 56D, EV 87.5 MPH)
Batting: RHB Jasper Burd 0-0: Swinging Strike
0-1: Ball
1-1: Fly out, F9 (Flyball, 9D, EV 81.9 MPH)
Batting: RHB Hiroshige Yamada 0-0: Ball
1-0: Foul Ball, location: 2F
1-1: Swinging Strike
1-2: Ball
2-2: Strikes out swinging
Top of the 8th over - 0 runs, 1 hit, 0 errors, 1 left on base; Cleveland 3 - Chicago 12
BOTTOM OF THE 8TH
Chicago White Sox batting - Pitching for Cleveland Guardians : RHP Gabe Baxter
Batting: LHB Jack Christie 0-0: Swinging Strike
0-1: Foul Ball, location: 2F
0-2: Ball
1-2: Ball
2-2: Strikes out swinging
Batting: RHB Dieter Knoops 0-0: Fly out, F7 (Flyball, 78S, EV 92.5 MPH)
Batting: SHB Rich Chavez 0-0: Ball
1-0: Ball
2-0: Ball
3-0: Base on Balls
Batting: RHB Matt Thompson 0-0: Fly out, F4 (Popup, 4, EV 80.0 MPH)
Bottom of the 8th over - 0 runs, 0 hits, 0 errors, 1 left on base; Cleveland 3 - Chicago 12
TOP OF THE 9TH
Cleveland Guardians batting - Pitching for Chicago White Sox : LHP John Murray
Batting: RHB Christian Blue 0-0: Ball
1-0: Ball
2-0: Swinging Strike
2-1: Ground out 4-3 (Groundball, 4M, EV 105.6 MPH)
Batting: LHB Corey Trevor 0-0: Foul Ball, location: 2F
0-1: Swinging Strike
0-2: Strikes out swinging
Batting: RHB Solange Le Coq 0-0: Ball
1-0: Ground out 5-3 (Groundball, 56, EV 88.8 MPH)
Top of the 9th over - 0 runs, 0 hits, 0 errors, 0 left on base; Cleveland 3 - Chicago 12
Thursday, December 15th , 2022 - OOTP Baseball 23.9 Build 102